 Dungeon Crawl Stone Soup version 0.23.2-1-ga50397a (webtiles) character file.

Game seed: 4745999112233755715

2450 eccles the Destroyer (level 9, -21/62 HPs)
             Began as a Human Conjurer on May 2, 2019.
             Demolished by a very large slime creature (54 damage)
             ... on level 7 of the Dungeon.
             The game lasted 01:01:18 (7423 turns).

eccles the Destroyer (Human Conjurer)               Turns: 7423, Time: 01:01:19

Health: -21/62     AC:  9    Str:  9    XL:     9   Next: 78%
Magic:  23/34      EV: 13    Int: 18    God:
Gold:   480        SH:  0    Dex: 14    Spells: 3/21 levels left

rFire    . . .     SeeInvis .   K - staff of power
rCold    . . .     Gourm    .   (no shield)
rNeg     . . .     Faith    .   y - +1 troll leather armour {Purgy}
rPois    +         Spirit   .   (no helmet)
rElec    .         Reflect  .   (no cloak)
rCorr    .         Harm     .   w - +0 pair of gloves
MR       .....                  h - +1 pair of boots
Stlth    ++........             (no amulet)
HPRegen  0.60/turn              u - ring of wizardry
MPRegen  0.24/turn              p - ring of poison resistance

@: no status effects
A: no striking features
a: no special abilities


You were on level 7 of the Dungeon.
You were hungry.

You visited 1 branch of the dungeon, and saw 7 of its levels.
You also visited: Sewer.

You collected 480 gold pieces.

Inventory:

Hand Weapons
 f - a +4 dagger of holy wrath
 k - a +4 flail of draining
Missiles
 e - 79 bolts
 i - 2 poisoned javelins (quivered)
Armour
 a - a +0 robe
 h - a +1 pair of boots (worn)
 j - a +1 pair of gloves
 o - a +0 scale mail
 q - a +0 leather armour
 w - a +0 pair of gloves (worn)
 y - a +1 troll leather armour (worn) {Purgy}
Magical Staves
 K - an uncursed staff of power (weapon)
Jewellery
 d - an uncursed ring of stealth
 g - an uncursed ring of stealth
 p - a ring of poison resistance (right hand)
 u - a ring of wizardry (left hand)
 I - an uncursed ring of wizardry
 L - a cursed ring of protection from fire {unknown}
Wands
 E - a wand of digging (3)
 F - a wand of polymorph (8)
Scrolls
 m - 5 scrolls of remove curse
 n - a scroll of fog
 s - a scroll of enchant armour
 v - a scroll of fear
 A - a scroll of enchant weapon
 B - 2 scrolls of blinking
 H - a scroll of magic mapping {unknown}
 J - 2 scrolls of identify
Potions
 b - 3 potions of flight {unknown}
 l - 2 potions of haste {unknown}
 r - 2 potions of lignification
 t - 6 potions of curing {unknown}
 x - 2 potions of agility {unknown}
 z - a potion of degeneration {unknown}
 C - 2 potions of invisibility
 D - a potion of heal wounds {unknown}
 G - a potion of brilliance {unknown}
 M - 2 potions of ambrosia {unknown}
Comestibles
 c - 6 rations


   Skills:
 + Level 2.3 Fighting
 + Level 2.9 Short Blades
 * Level 0.7 Staves
 + Level 4.3 Armour
 + Level 3.6 Dodging
 + Level 2.8 Stealth
 * Level 6.9 Spellcasting
 * Level 8.2 Conjurations


You had 3 spell levels left.
You knew the following spells:

 Your Spells              Type           Power        Failure   Level  Hunger
a - Magic Dart            Conj           ####         1%          1    None
b - Searing Ray           Conj           #####.       1%          2    None
c - Dazzling Spray        Conj/Hex       ###...       3%          3    ##.....
d - Iskenderun's Mystic   Conj           #####...     1%          4    ####...
e - Force Lance           Conj/Tloc      ###.....     12%         4    ####...
f - Fulminant Prism       Conj/Hex       ###.......   12%         4    ####...

Your spell library contained the following spells:

 Spells                   Type           Power        Failure   Level  Hunger
 Apportation              Tloc           #.....       6%          1    None
 Summon Butterflies       Summ           #.......     6%          1    None
 Lesser Beckoning         Tloc           #.........   17%         3    ##.....
 Tukima's Dance           Hex            #.......     17%         3    ##.....
 Alistair's Intoxication  Tmut/Pois      #.......     82%         5    #####..
 Invisibility             Hex            #.......     100%        6    #######


Dungeon Overview and Level Annotations

Branches:
Dungeon (7/15)
 Temple: D:4-7

Altars:
Nemelex Xobeh
Okawaru
Sif Muna
Trog
Zin
The Shining One

Shops:
D:4 *   D:5 :   D:6 }

Annotations:
D:3 1 runed translucent door


Message History

Casting: Magic Dart (safe; 1% risk of failure)
Confirm with . or Enter, or press ? or * to list all spells.
Aiming: Magic Dart (safe; 1% risk of failure)
Press: ? - help, Shift-Dir - straight line, f/p - very large slime creature
Aim: a very large slime creature (moderately wounded)
The magic dart hits the very large slime creature!
The very large slime creature is moderately wounded.
The very large slime creature barely misses you.
Casting: Magic Dart (safe; 1% risk of failure)
Confirm with . or Enter, or press ? or * to list all spells.
Aiming: Magic Dart (safe; 1% risk of failure)
Press: ? - help, Shift-Dir - straight line, f/p - very large slime creature
Aim: a very large slime creature (moderately wounded)
The magic dart hits the very large slime creature.
The very large slime creature is moderately wounded.
The very large slime creature hits you!!
You see here a stone.
The very large slime creature hits you!!!
Ouch! That really hurt!
You die...

P.# ..#
..# ..#
..#
#######'#
##....).#
#J########
##@.'....#
####....#
#..)..).#
#..)....#
#.......#
#..)..).#
##.....##
##...##
##'''##


You could see a very large slime creature.

Vanquished Creatures
  Grinder (D:4)
  Edmund (D:4)
  Purgy (Sewer)
  2 orc warriors (D:6)
  2 phantoms
  A sky beast (D:6)
  A centaur (D:5)
  2 ogres
  2 big kobolds
  Blork the orc (D:4)
  A bullfrog (D:6)
  3 scorpions
  2 crimson imps (D:5)
  2 orc priests
  A hound (D:5)
  4 jellies
  Crazy Yiuf (D:5)
  An iguana (D:5)
  Ijyb (D:4)
  Natasha (thrice) (D:4)
  4 orc wizards
  5 worker ants
  A hound skeleton (D:4)
  3 gnolls (D:3)
  6 adders
  7 oozes
  2 adder skeletons (D:5)
  An adder zombie (D:5)
  3 leopard geckos
  25 orcs
  2 ball pythons
  9 giant cockroaches
  4 goblins
  9 hobgoblins
  10 jackals
  21 kobolds
  A quokka (D:6)
  3 bats
  6 frilled lizards
  A quokka skeleton (D:5)
  7 rats
163 creatures vanquished.

Vanquished Creatures (others)
  4 fungi (D:7)
  12 toadstools (D:7)
16 creatures vanquished.

Grand Total: 179 creatures vanquished

Notes
Turn   | Place    | Note
-------+----------+-------------------------------------------
     0 | D:1      | eccles the Human Conjurer began the quest for the Orb.
     0 | D:1      | Reached XP level 1. HP: 13/13 MP: 3/3
   308 | D:1      | Reached XP level 2. HP: 13/19 MP: 0/5
   381 | D:1      | Learned a level 2 spell: Searing Ray
   706 | D:1      | Reached XP level 3. HP: 18/24 MP: 3/6
   902 | D:2      | Found an iron altar of Okawaru.
  1049 | D:2      | Found a sparkling altar of Nemelex Xobeh.
  1869 | D:3      | Reached XP level 4. HP: 30/30 MP: 2/7
  2712 | D:3      | Reached skill level 5 in Conjurations
  2712 | D:3      | Reached XP level 5. HP: 36/36 MP: 1/9
  2780 | D:3      | Found a glowing golden altar of the Shining One.
  2780 | D:3      | Noticed an angel
  2781 | D:3      | Found a runed translucent door.
  2901 | D:3      | Learned a level 3 spell: Dazzling Spray
  2943 | D:3      | Found a glowing silver altar of Zin.
  3093 | D:4      | Found a glowing drain.
  3120 | D:4      | Reached skill level 1 in Fighting
  3134 | D:4      | Reached skill level 1 in Armour
  3350 | Sewer    | Entered a sewer
  3390 | Sewer    | Noticed Purgy
  3400 | Sewer    | Killed Purgy
  3400 | Sewer    | Reached XP level 6. HP: 25/43 MP: 1/11
  3612 | D:4      | Noticed Ijyb
  3613 | D:4      | Found Faxaf's General Store.
  3632 | D:4      | Killed Ijyb
  3765 | D:4      | Noticed Grinder
  3778 | D:4      | Paralysed by Grinder for 7 turns
  3802 | D:4      | Killed Grinder
  3802 | D:4      | Reached skill level 1 in Short Blades
  3802 | D:4      | Reached skill level 6 in Conjurations
  3802 | D:4      | Reached XP level 7. HP: 16/48 MP: 1/13
  3964 | D:4      | Noticed Natasha
  3974 | D:4      | Killed Natasha
  4024 | D:4      | Noticed Edmund
  4223 | D:4      | Killed Edmund
  4482 | D:4      | Reached XP level 8. HP: 47/54 MP: 4/14
  4562 | D:4      | Noticed Blork the orc
  4583 | D:4      | Killed Blork the orc
  4713 | D:4      | Noticed Natasha
  4729 | D:4      | Killed Natasha
  4938 | D:4      | Noticed Natasha
  4958 | D:4      | Killed Natasha
  5002 | D:5      | Entered Level 5 of the Dungeon
  5009 | D:5      | Found a runed translucent door.
  5010 | D:5      | Noticed Crazy Yiuf
  5017 | D:5      | Killed Crazy Yiuf
  5074 | D:5      | Reached skill level 5 in Spellcasting
  5561 | D:5      | Found a bloodstained altar of Trog.
  5641 | D:5      | Reached skill level 7 in Conjurations
  5650 | D:5      | Learned a level 4 spell: Iskenderun's Mystic Blast
  5655 | D:5      | Learned a level 4 spell: Force Lance
  5668 | D:5      | Found Ifessah's Book Emporium.
  5692 | D:6      | Reached XP level 9. HP: 61/61 MP: 7/17
  6261 | D:6      | Found Heigg's Gadget Shop.
  6695 | D:6      | Learned a level 4 spell: Fulminant Prism
  6812 | D:6      | Found a deep blue altar of Sif Muna.
  6858 | D:6      | Reached skill level 8 in Conjurations
  7286 | D:7      | Noticed a slime creature
  7287 | D:7      | Noticed a slime creature
  7407 | D:7      | Noticed a slime creature
  7423 | D:7      | Demolished by a very large slime creature

Skill      XL: |  1  2  3  4  5  6  7  8  9 |
---------------+----------------------------+-----
Conjurations   | 5 6 7 8 |  8.2
Spellcasting   | 3 4 5 6 |  6.9
Fighting       | 1 2 |  2.3
Armour         | 1 2 3 4 |  4.3
Short Blades   | 1 2 |  2.9
Dodging        | 3 |  3.6
Staves         | |  0.7
Stealth        | |  2.8

Action                   |  1- 3 |  4- 6 |  7- 9 || total
-------------------------+-------+-------+-------++-------
Melee: Dagger            |    22 |    40 |    78 ||   140
       Staff             |       |       |    41 ||    41
 Cast: Magic Dart        |    77 |   108 |   259 ||   444
       Searing Ray       |     3 |     9 |    27 ||    39
       Iskenderun's Myst |       |       |     2 ||     2
  Use: Scroll            |     7 |       |     3 ||    10
       Potion            |       |     1 |       ||     1
  Eat: Chunk             |     3 |     5 |     8 ||    16
       Ration            |       |     1 |     1 ||     2
Armor: Robe              |    14 |       |       ||    14
       Leather armour    |     6 |    24 |       ||    30
       Troll leather arm |       |     7 |    76 ||    83
Dodge: Dodged            |    57 |    75 |   165 ||   297
